 Dungeon Crawl Stone Soup version 0.24.0-1-gfbc8707122 (webtiles) character file.

Game seed: 738759576729637181, levelgen mode: deterministic

6200 night the Grappler (level 10, -9/91 HPs)
             Began as a Troll Fighter on Oct 26, 2019.
             Was a Priest of Nemelex Xobeh.
             Mangled by Erolcha
             ... wielding a +0 giant club
              (18 damage)
             ... while paralysed by Erolcha
             ... on level 9 of the Dungeon.
             The game lasted 00:22:18 (7545 turns).

night the Grappler (Troll Fighter)                  Turns: 7545, Time: 00:22:18

Health: -9/91      AC: 10    Str: 28    XL:     10   Next: 61%
Magic:  13/13      EV:  1    Int:  5    God:    Nemelex Xobeh [***...]
Gold:   329        SH:  0    Dex:  9    Spells: 9/9 levels left

rFire    . . .     SeeInvis .     - Unarmed
rCold    . . .     Gourm    +   z - +1 large shield {AC+3}
rNeg     . . .     Faith    .   a - +0 robe
rPois    .         Spirit   .   (helmet restricted)
rElec    .         Reflect  .   s - +0 cloak
rCorr    .         Harm     .   (gloves unavailable)
MR       .....                  (boots unavailable)
Stlth    ..........             (no amulet)
HPRegen  0.65/turn              D - ring of attention
MPRegen  0.13/turn              (no ring)

@: paralysed
A: large, unfitting armour, claws 3, fast metabolism 3, gourmand, regeneration
1, shaggy fur 1, tough skin 3
a: Draw Escape, Draw Destruction, Draw Summoning, Triple Draw, Renounce Religion


You were on level 9 of the Dungeon.
You worshipped Nemelex Xobeh.
Nemelex Xobeh was most pleased with you.
You were very full.

You visited 2 branches of the dungeon, and saw 10 of its levels.
You also visited: Bailey.

You collected 483 gold pieces.
You spent 154 gold pieces at shops.

Inventory:

Missiles
 r - 2 throwing nets
 y - 80 boomerangs (quivered)
 A - 4 poisoned darts
Armour
 a - a +0 robe (worn)
 s - a +0 cloak (worn)
 z - a +1 large shield of protection (worn)
Jewellery
 j - an uncursed ring of ice
 D - a ring of attention (left claw)
 E - an uncursed amulet of guardian spirit {unknown}
Wands
 b - a wand of disintegration (8)
 g - a wand of random effects (14)
Scrolls
 e - 4 scrolls of enchant armour
 f - a scroll of blinking
 h - 9 scrolls of teleportation
 i - 3 scrolls of remove curse
 l - 2 scrolls of fog
 B - 2 scrolls of noise {unknown}
 C - a scroll of brand weapon {unknown}
Potions
 c - 3 potions of might
 k - a potion of flight
 m - 2 potions of magic
 n - a potion of resistance
 o - 4 potions of heal wounds
 p - 4 potions of haste
 q - 8 potions of curing
 t - 5 potions of mutation
 u - a potion of brilliance
 v - 2 potions of lignification
 w - a potion of ambrosia
 x - a potion of cancellation {unknown}
Comestibles
 d - 14 rations


   Skills:
 + Level 3.2 Fighting
 - Level 2.4 Dodging
 + Level 7.4 Shields
 * Level 11.8 Unarmed Combat
 + Level 5.9 Invocations


You had 9 spell levels left.
You didn't know any spells.
Your spell library contained the following spells:

 Spells                   Type           Power        Failure   Level  Hunger
 Shock                    Conj/Air       #...         95%         1    ##.....
 Swiftness                Chrm/Air       #.......     99%         2    ###....
 Static Discharge         Conj/Air       #.......     100%        3    ####...
 Airstrike                Air            #.........   100%        4    #####..
 Bolt of Magma            Conj/Fire/Erth #.........   100%        5    ######.
 Iskenderun's Battlesphe  Conj/Chrm      #.......     100%        5    ######.
 Lightning Bolt           Conj/Air       #.........   100%        5    ######.
 Venom Bolt               Conj/Pois      #.........   100%        5    ######.
 Iron Shot                Conj/Erth      #.........   100%        6    #######
 Orb of Destruction       Conj           #.........   100%        7    #######
 Spellforged Servitor     Conj/Summ      #.........   100%        7    #######


Dungeon Overview and Level Annotations

Branches:
Dungeon (9/15)             Temple (1/1) D:4            Lair (0/6) D:8
 Bailey (visited)
    Orc: D:9-12

Altars:
Ashenzari
Cheibriados
Dithmenos
Elyvilon
Gozag
Hepliaklqana
Nemelex Xobeh
Okawaru
Qazlal
Ru
Sif Muna
Trog
Uskayaw
Vehumet
Wu Jian
Xom
Yredelemnul
The Shining One

Shops:
D:5 !   D:6 *}

Annotations:
D:9 1 runed translucent door, Erolcha


Innate Abilities, Weirdness & Mutations

You are too large for most types of armour.
You have claws for hands.
Your metabolism is lightning-fast.
You like to eat raw meat.
Your natural rate of healing is unusually fast.
You are covered in fur. (AC +1)
You have extremely tough skin. (AC +3)


Message History

Unknown command.
You scratch Erolcha but do no damage.
Erolcha is moderately wounded.
You scratch Erolcha.
Erolcha is heavily wounded.
You block Erolcha's attack.
You claw Erolcha!
Erolcha is severely wounded.
Erolcha points at you and mumbles some strange words.
You suddenly lose the ability to move!
Erolcha hits you with a +0 giant club!! Erolcha hits you with a +0 giant club.
Erolcha casts a spell at you.
You shrug off the repeated paralysis!
Erolcha hits you but does no damage. Erolcha hits you with a +0 giant club!!
* * * LOW HITPOINT WARNING * * *
Erolcha hits you with a +0 giant club!!
You die...
Your body glows with a rainbow of weird colours and disappears.

..###_._###.._#.#
#..###....
#..##...##..###.#
#.........
##.........##..##
#.........
####...####...#
#....####.
##_##..#..##
##H)### .
####.....# #..##
##...## #####.##
#....#####......#
#.####..@O.#####..#
#.# ##.#### ##.# ##
### #.# #.# ##


You could see Erolcha.

Vanquished Creatures
  A mana viper (Bailey)
  2 hippogriffs (D:9)
  4 hogs (D:7)
  A human (D:7)
  4 yaks
  A hungry ghost (D:7)
  3 porcupines (D:8)
  A sky beast (D:9)
  An orc warrior (D:7)
  3 phantoms
  2 centaurs
  3 ogres
  5 crocodiles (D:8)
  2 bullfrogs
  2 scorpions
  11 killer bees (D:8)
  3 wights (D:8)
  4 howler monkeys
  3 crimson imps
  A bullfrog zombie (D:8)
  A quasit (D:5)
  4 hounds
  6 orc priests
  8 orc wizards
  3 iguanas
  6 worker ants
  2 hound skeletons
  A howler monkey skeleton (D:5)
  9 adders
  27 gnolls
  3 shadow imps
  An ooze (D:5)
  An adder skeleton (D:7)
  2 worms
  A dart slug (D:1)
  4 leopard geckos
  15 orcs
  6 bats
  5 giant cockroaches
  2 gnoll zombies (D:4)
  24 goblins
  22 hobgoblins
  3 jackals (D:7)
  18 kobolds
  3 quokkas
  4 ball pythons
  3 leopard gecko skeletons
  A leopard gecko zombie (D:5)
  8 rats
250 creatures vanquished.

Vanquished Creatures (collateral kills)
  A wyvern (D:8)
  An orc priest (D:7)
  An orc wizard (D:7)
  An orc (D:7)
4 creatures vanquished.

Vanquished Creatures (others)
  5 fungi (D:8)
  2 plants (D:8)
7 creatures vanquished.

Grand Total: 261 creatures vanquished

Notes
Turn   | Place    | Note
-------+----------+-------------------------------------------
     0 | D:1      | night the Troll Fighter began the quest for the Orb.
     0 | D:1      | Reached XP level 1. HP: 22/22 MP: 0/0
   230 | D:1      | Reached XP level 2. HP: 29/29 MP: 1/1
   598 | D:1      | Reached skill level 3 in Unarmed Combat
   800 | D:2      | Reached XP level 3. HP: 31/36 MP: 2/2
   869 | D:2      | Reached XP level 4. HP: 30/44 MP: 3/3
  1163 | D:2      | Reached skill level 4 in Unarmed Combat
  1188 | D:2      | Reached XP level 5. HP: 50/50 MP: 4/4
  1725 | D:3      | Reached skill level 5 in Unarmed Combat
  2074 | D:3      | Reached XP level 6. HP: 43/59 MP: 5/5
  2335 | D:4      | Reached skill level 6 in Unarmed Combat
  2403 | D:4      | Reached XP level 7. HP: 54/66 MP: 6/6
  2504 | D:4      | Reached skill level 7 in Unarmed Combat
  2799 | D:4      | Found a staircase to the Ecumenical Temple.
  2805 | Temple   | Entered the Ecumenical Temple
  2913 | Temple   | Became a worshipper of Nemelex Xobeh the Trickster
  3102 | D:4      | Received a gift from Nemelex Xobeh
  3115 | D:4      | Found a basalt altar of Yredelemnul.
  3153 | D:5      | Entered Level 5 of the Dungeon
  3223 | D:5      | Reached skill level 5 in Shields
  3223 | D:5      | Reached XP level 8. HP: 65/74 MP: 7/7
  3227 | D:5      | Reached skill level 1 in Invocations
  3238 | D:5      | Reached skill level 8 in Unarmed Combat
  3391 | D:5      | Found Ithehiakh's Distillery.
  3399 | D:5      | Bought a potion of lignification for 42 gold pieces
  3399 | D:5      | Bought a potion of curing for 42 gold pieces
  3399 | D:5      | Bought a potion of heal wounds for 70 gold pieces
  3578 | D:6      | Found Qiutonysch's General Store.
  3580 | D:6      | Reached * piety under Nemelex Xobeh
  3629 | D:6      | Found Yboboseo's Gadget Boutique.
  3726 | D:6      | Received a gift from Nemelex Xobeh
  3989 | D:6      | Found a shimmering altar of Xom.
  4203 | D:6      | Found an opulent altar of Gozag.
  4239 | D:6      | Found an iron altar of Okawaru.
  4486 | D:6      | Found a bloodstained altar of Trog.
  4536 | D:7      | Received a gift from Nemelex Xobeh
  4711 | D:7      | Found a flagged portal.
  4723 | Bailey   | Entered a bailey
  4917 | Bailey   | Noticed an orc knight
  4939 | Bailey   | Noticed a mana viper
  4939 | Bailey   | an orc knight changed into a mana viper
  4950 | Bailey   | Killed a mana viper
  4950 | Bailey   | Reached skill level 9 in Unarmed Combat
  4950 | Bailey   | Reached XP level 9. HP: 38/80 MP: 4/10
  5367 | D:7      | Reached skill level 10 in Unarmed Combat
  5416 | D:7      | Reached ** piety under Nemelex Xobeh
  6214 | D:8      | Reached skill level 5 in Invocations
  6214 | D:8      | Reached XP level 10. HP: 35/88 MP: 12/12
  6235 | D:8      | Reached skill level 11 in Unarmed Combat
  6425 | D:8      | Found a staircase to the Lair.
  6675 | D:8      | Received a gift from Nemelex Xobeh
  6698 | D:8      | Identified a scroll of acquirement
  7381 | D:9      | Reached *** piety under Nemelex Xobeh
  7393 | D:9      | Received a gift from Nemelex Xobeh
  7393 | D:9      | Found a shadowy altar of Dithmenos.
  7393 | D:9      | Found a faded altar of an unknown god.
  7398 | D:9      | Found a hazy altar of Hepliaklqana.
  7400 | D:9      | Found an ornate altar of the Wu Jian Council.
  7402 | D:9      | Found a stormy altar of Qazlal.
  7464 | D:9      | Found a shimmering blue altar of Sif Muna.
  7475 | D:9      | Found a runed translucent gate.
  7475 | D:9      | Noticed a gargoyle
  7512 | D:9      | Noticed Erolcha
  7538 | D:9      | Paralysed by Erolcha for 7 turns
  7545 | D:9      | Mangled by Erolcha

Levels and vault maps discovered:
D:1:      wander_arrival_desolate, layout_loops_corners
D:2:      cheibrodos_greedy_goblins, layout_basic, first_ration, st_stairs_1
D:3:      layout_loops_cross
D:4:      layout_rooms, lemuel_zombie_altar_yredelemnul,
          minmay_temple_entry_enclosed_plants, minmay_goblin_outpost
D:5:      cheibrodos_helix_gallery, layout_rooms, serial_shops,
          nicolae_shop_trees, minmay_misc_feat_room
D:6:      layout_layer_cave, nicolae_overflow_quartered_altars, serial_shops,
          shop, kennysheep_windowed_goal
D:7:      layout_loops_ring, enter_bailey_3, grunt_livestock,
          kennysheep_generic_room_3
D:8:      layout_basic, minmay_lair_entry_grove
D:9:      layout_layer_cave, grunt_temple_overflow_growth_and_decay,
          grunt_temple_overflow_order_and_chaos_2,
          chequers_temple_overflow_minitemple, basic_altar,
          gammafunk_ghost_split, uniq_erolcha
Temple:   nicolae_temple_figure_zero

Skill      XL: |  1  2  3  4  5  6  7  8  9 10 |
---------------+-------------------------------+-----
Unarmed Combat | 3 4 5 6 7 9 10 11 | 11.8
Shields        | 3 4 5 6 7 |  7.4
Invocations    | 3 5 |  5.9
Fighting       | 3 |  3.2
Dodging        | |  2.4

Action                   |  1- 3 |  4- 6 |  7- 9 | 10-12 || total
-------------------------+-------+-------+-------+-------++-------
Melee: Unarmed           |    76 |   203 |   332 |   142 ||   753
Throw: Boomerang         |       |       |    12 |     7 ||    19
 Abil: Draw Destruction  |       |       |     6 |     7 ||    13
       Draw Summoning    |       |       |     3 |       ||     3
       Draw Escape       |       |       |     1 |       ||     1
Evoke: Wand              |       |       |       |     1 ||     1
  Use: Scroll            |       |       |    13 |     2 ||    15
       Potion            |       |       |     4 |       ||     4
 Stab: Distracted        |       |       |     1 |       ||     1
       Sleeping          |       |       |     1 |       ||     1
  Eat: Chunk             |     6 |    22 |    31 |    17 ||    76
Armor: Robe              |    19 |    48 |    71 |    32 ||   170
Dodge: Dodged            |    18 |    54 |    88 |    20 ||   180
Block: Shield            |    31 |    84 |   199 |    32 ||   346
       Large shield      |       |       |       |    67 ||    67
